 Dungeon Crawl Stone Soup version 0.18-a0-1323-g706dcef (webtiles) character file.

1291 namelastname112 the Twirler (level 8, -1/68 HPs)
             Began as a Mottled Draconian Gladiator on Feb 16, 2016.
             Was a Believer of Nemelex Xobeh.
             Shot with an arrow by a centaur (9 damage)
             ... on level 6 of the Dungeon.
             The game lasted 00:08:30 (5757 turns).

namelastname112 the Twirler (DrGl)                  Turns: 5757, Time: 00:08:30

Health: -1/68      AC:  7    Str: 13    XL:     8   Next: 30%
Magic:  20/20      EV: 14    Int:  8    God:    Nemelex Xobeh [**....]
Gold:   375        SH:  0    Dex: 15    Spells: 0 memorised, 7 levels left

rFire  . . .     SeeInvis .     a - +0 quarterstaff
rCold  . . .     Gourm    .     (armour unavailable)
rNeg   . . .     Faith    .     (shield currently unavailable)
rPois  .         Spirit   .     b - +0 hat
rElec  .         Dismiss  .     (no cloak)
rCorr  .         Reflect  .     g - +0 pair of gloves
SustAt .         Harm     .     (no boots)
MR     .....                    C - amulet of rage
Stlth  +.........               E - ring of magical power
                                N - -4 ring of strength (curse)

@: not resistant to hostile enchantments, very unstealthy
A: breathe sticky flame splash, unfitting armour, cold-blooded, AC +6
a: Breathe Sticky Flame, Renounce Religion, Evoke Berserk Rage


You were on level 6 of the Dungeon.
You worshipped Nemelex Xobeh.
Nemelex Xobeh was pleased with you.
You were very hungry.

You visited 1 branch of the dungeon, and saw 6 of its levels.

You collected 375 gold pieces.

Inventory:

Hand Weapons
 a - a +0 quarterstaff (weapon)
Missiles
 c - 3 throwing nets
 h - 4 javelins (quivered)
Armour
 b - a +0 hat (worn)
 g - a +0 pair of gloves (worn)
Jewellery
 y - an uncursed ring of ice
 C - an amulet of rage (around neck)
 D - an uncursed ring of sustain attributes
 E - a ring of magical power (right hand)
 N - a cursed -4 ring of strength (left hand)
Wands
 v - a wand of confusion (34/48)
 A - a wand of digging (6/24)
 J - a wand of paralysis (16/24)
 O - a wand of flame (24/48)
 Q - a wand of confusion (23/48)
Scrolls
 e - 2 scrolls of enchant armour {unknown}
 f - 3 scrolls of remove curse {unknown}
 i - a scroll of noise {unknown}
 l - 7 scrolls of identify {unknown}
 m - a scroll of amnesia {unknown}
 n - a scroll of random uselessness {unknown}
 p - 3 scrolls of blinking {unknown}
 q - a scroll of immolation {unknown}
 r - a scroll of recharging {unknown}
 s - 3 scrolls of teleportation {unknown}
 w - a scroll of fear {unknown}
 L - 3 scrolls of torment {unknown}
Potions
 j - 2 potions of curing {unknown}
 k - 2 potions of lignification {unknown}
 o - a potion of berserk rage {unknown}
 t - 2 potions of heal wounds {unknown}
 z - a potion of brilliance {unknown}
 G - a potion of cancellation {unknown}
 H - 4 potions of magic {unknown}
 I - a potion of invisibility {unknown}
 P - 2 potions of experience {unknown}
Miscellaneous
 x - a legendary deck of destruction
 F - a plain deck of war {drawn: 7}
 K - a plain deck of destruction
Comestibles
 d - 4 bread rations
 u - 2 beef jerkies
 B - 3 meat rations
 M - 3 fruits


   Skills:
 + Level 5.3 Fighting
 * Level 6.7 Staves
 - Level 1.7 Throwing
 + Level 4.7 Dodging
 * Level 5.0 Evocations


You had 7 spell levels left.
You didn't know any spells.

Dungeon Overview and Level Annotations

Branches:
Dungeon (6/15)             Temple (0/1) D:6

Altars:
Dithmenos
Fedhas
Kikubaaqudgha
Makhleb
Nemelex Xobeh
Trog
Xom
The Shining One


Innate Abilities, Weirdness & Mutations

You can spit globs of burning liquid.
You can ignite nearby creatures when you spit burning liquid.
Your weird mottled scales are hard (AC +6).
Your body does not fit into most forms of armour.
You are cold-blooded and may be slowed by cold attacks.


Message History

The centaur is moderately wounded.
The centaur misses you.
You barely miss the centaur.
Your tail-slap misses the centaur.
The centaur is moderately wounded.
The centaur hits you but does no damage.
The orc warrior hits you with a war axe!
The centaur closely misses you.
You hit the centaur but do no damage.
The centaur is moderately wounded.
The centaur hits you! The orc warrior misses you.
You hit the centaur but do no damage.
The centaur is moderately wounded.
The centaur hits you!
* * * LOW HITPOINT WARNING * * *
The centaur closely misses you.
The orc warrior hits you with a war axe!
* * * LOW HITPOINT WARNING * * *
The centaur wields a shortbow.
The centaur shoots an arrow.
The arrow hits you!
You die...
Your body glows slightly and disappears.

######.........###.........#
..................####.##.##
W####..####.####### #.##.#
.# #..###...##### #.##.#
.####..##......<.# #.##.#
_.†##..#.....###.# .....#
.#..........## #.# #.####
.####..#....# #.# ### .#
#..####.####@# .# #..#
#...c..# .# #...........o#
.# ##.#######.#... # #.#
#.#..._. #.# #.##...%## #.
#...## #. #..^# #### #. ####


You could see an orc warrior and a centaur.

Vanquished Creatures
  An ogre (D:4)
  Blork the orc (D:6)
  A giant frog (D:6)
  A giant frog zombie (D:5)
  2 crimson imps (D:6)
  A jelly (D:6)
  An orc priest (D:3)
  2 hounds (D:5)
  An orc wizard (D:6)
  2 centaur skeletons
  2 iguanas (D:5)
  A giant frog skeleton (D:4)
  Terence (D:3)
  3 worker ants
  13 adders
  4 gnolls
  2 worms
  4 giant geckos
  9 orcs
  3 ball pythons
  4 giant cockroaches
  6 goblins
  9 hobgoblins
  3 jackals (D:5)
  4 kobolds
  3 quokkas
  6 bats
  2 giant newts
  A jackal zombie (D:5)
  5 rats
98 creatures vanquished.

Vanquished Creatures (collateral kills)
  The ghost of M4edhros the Covert, a novice OpAr (D:5)
  Eustachio (D:4)
  A phantom (D:6)
  An iguana (D:5)
  A worker ant (D:5)
  3 gnolls (D:6)
8 creatures vanquished.

Grand Total: 106 creatures vanquished

Notes
Turn   | Place    | Note
--------------------------------------------------------------
     0 | D:1      | namelastname112 the Draconian Gladiator began the quest for the Orb.
     0 | D:1      | Reached XP level 1. HP: 17/17 MP: 1/1
   266 | D:1      | Reached XP level 2. HP: 23/25 MP: 2/2
   820 | D:2      | Reached XP level 3. HP: 26/30 MP: 3/3
  1410 | D:2      | Reached XP level 4. HP: 38/38 MP: 4/4
  1454 | D:2      | Reached skill level 4 in Staves
  1854 | D:3      | Noticed Terence
  1863 | D:3      | Killed Terence
  1971 | D:3      | Found a shimmering altar of Xom.
  1976 | D:3      | Found a sparkling altar of Nemelex Xobeh.
  2027 | D:3      | Became a worshipper of Nemelex Xobeh the Trickster
  2057 | D:3      | Reached XP level 5. HP: 34/46 MP: 5/5
  2065 | D:3      | Reached skill level 1 in Evocations
  2877 | D:4      | Found a glowing golden altar of the Shining One.
  2889 | D:4      | Noticed an ogre
  2901 | D:4      | Killed an ogre
  2901 | D:4      | Reached skill level 5 in Staves
  2901 | D:4      | Reached XP level 6. HP: 52/52 MP: 7/7
  2988 | D:4      | Received a gift from Nemelex Xobeh
  3002 | D:4      | Noticed Eustachio
  3070 | D:4      | Killed Eustachio
  3477 | D:5      | Entered Level 5 of the Dungeon
  3588 | D:5      | Reached * piety under Nemelex Xobeh
  3633 | D:5      | Received a gift from Nemelex Xobeh
  3646 | D:5      | Reached XP level 7. HP: 60/60 MP: 9/9
  3646 | D:5      | Your scales start taking on a weird mottled colour.
  3877 | D:5      | Noticed M4edhros's ghost (novice OpAr)
  3904 | D:5      | Killed M4edhros's ghost
  4199 | D:5      | Found a shadowy altar of Dithmenos.
  4202 | D:5      | Found a burning altar of Makhleb.
  4232 | D:5      | Reached skill level 6 in Staves
  4234 | D:5      | Found a blossoming altar of Fedhas.
  4294 | D:5      | Reached skill level 5 in Fighting
  5174 | D:6      | Received a gift from Nemelex Xobeh
  5174 | D:6      | Noticed Blork the orc
  5181 | D:6      | Killed Blork the orc
  5214 | D:6      | Reached XP level 8. HP: 54/68 MP: 11/11
  5437 | D:6      | Reached ** piety under Nemelex Xobeh
  5438 | D:6      | Found a staircase to the Ecumenical Temple.
  5593 | D:6      | Found an ancient bone altar of Kikubaaqudgha.
  5631 | D:6      | Reached skill level 5 in Evocations
  5750 | D:6      | Found a bloodstained altar of Trog.
  5757 | D:6      | Shot with an arrow by a centaur

Vault maps used:
D:1:      dpeg_arrival_chambers_temple_mockup, st_stairs_1, serial_bayou_pond_c,
          minmay_misc_feat_enclosed
D:3:      grunt_temple_overflow_open, grunt_decor_arrowhead, uniq_terence
D:4:      nicolae_overflow_crystal_walls, kennysheep_path_1, uniq_eustachio
D:5:      gammafunk_temple_overflow_forgotten, first_bread
D:6:      lemuel_crystal_altar, temple_doors_e, trog_butcher_becter,
          uniq_blork_the_orc

Action                   |  1- 3 |  4- 6 |  7- 9 || total
-------------------------+-------+-------+-------++-------
Melee: Quarterstaff      |    77 |   152 |   147 ||   376
Throw: Javelin           |       |     3 |       ||     3
 Abil: Breathe Sticky Fl |       |       |     2 ||     2
Evoke: Deck              |       |     1 |     6 ||     7
       Wand              |       |     1 |       ||     1
 Stab: Sleeping          |     1 |     1 |     2 ||     4
  Eat: Chunk             |     2 |     6 |     5 ||    13
       Pizza             |       |       |     1 ||     1
